[ AOE2 MATCH · #477486094 ]
UnrankedGoths vs Vietnamese
[ REPLAY ANALYSIS · EXTRACTED FROM THE RECORDED GAME ]
Feudal
—
Castle
—
Imperial
—
| APM avg | 89.3 |
| APM peak | 27 |
| eAPM avg | 43.0 |
| Villagers / military | 4 / 0 |
Focus
⚔️ 14.3% · 🌾 85.7%
Feudal
—
Castle
—
Imperial
—
| APM avg | 33.1 |
| APM peak | 10 |
| eAPM avg | 19.8 |
| Villagers / military | 4 / 0 |
Focus
⚔️ 0.0% · 🌾 100.0%
Feudal
—
Castle
—
Imperial
—
| APM avg | 33.1 |
| APM peak | 10 |
| eAPM avg | 33.1 |
| Villagers / military | 8 / 0 |
Focus
⚔️ 0.0% · 🌾 100.0%
Feudal
—
Castle
—
Imperial
—
| APM avg | 29.8 |
| APM peak | 9 |
| eAPM avg | 16.5 |
| Villagers / military | 4 / 0 |
Focus
⚔️ 0.0% · 🌾 100.0%
Feudal
—
Castle
—
Imperial
—
| APM avg | 29.8 |
| APM peak | 9 |
| eAPM avg | 29.8 |
| Villagers / military | 0 / 0 |
Feudal
—
Castle
—
Imperial
—
| APM avg | 76.0 |
| APM peak | 23 |
| eAPM avg | 33.1 |
| Villagers / military | 5 / 0 |
Focus
⚔️ 0.0% · 🌾 100.0%
Feudal
—
Castle
—
Imperial
—
| APM avg | 72.7 |
| APM peak | 22 |
| eAPM avg | 49.6 |
| Villagers / military | 3 / 0 |
Focus
⚔️ 16.7% · 🌾 83.3%
Feudal
—
Castle
—
Imperial
—
| APM avg | 66.1 |
| APM peak | 20 |
| eAPM avg | 39.7 |
| Villagers / military | 5 / 0 |
Focus
⚔️ 0.0% · 🌾 100.0%
Match map
Initial resources + every placement click. Lines = walls · curves = elevation contours. ◆ gold · ⬟ stone · ● berries · ✦ relic · ◌ wall gap
Your base
抖音_帝国时代2小Lin's base
bbcc's base
Sir Winston Churchill's base
SINNER1098's base
Old_two's base
Davve02's base
PaLikaRi's base
Smoothed initial terrain · ◌ = detected wall gap · hover for details
Inputs per minute
— 米兰的小歌迷 - - 抖音_帝国时代2小Lin
Build order — 米兰的小歌迷
6 actions detected in the replay
| 0:00 | Create | Villager (Male) |
| 0:00 | Create | Villager (Male) |
| 0:02 | Build | House |
| 0:04 | Build | House |
| 0:05 | Create | Villager (Male) |
| 0:06 | Create | Villager (Male) |
Build order — 抖音_帝国时代2小Lin
3 actions detected in the replay
| 0:05 | Create | Villager (Male) ×4 |
| 0:07 | Build | House |
| 0:09 | Build | House |
Build order — bbcc
3 actions detected in the replay
| 0:02 | Create | Villager (Male) ×4 |
| 0:02 | Create | Villager (Male) ×4 |
| 0:03 | Build | House |
Build order — Sir Winston Churchill
3 actions detected in the replay
| 0:06 | Build | House |
| 0:09 | Build | House |
| 0:11 | Create | Villager (Male) ×4 |
Build order — SINNER1098
0 actions detected in the replay
Build order — Old_two
7 actions detected in the replay
| 0:01 | Create | Villager (Male) |
| 0:03 | Create | Villager (Male) |
| 0:03 | Create | Villager (Male) |
| 0:03 | Build | House |
| 0:06 | Build | House |
| 0:15 | Create | Villager (Male) |
| 0:16 | Create | Villager (Male) |
Build order — Davve02
5 actions detected in the replay
| 0:00 | Create | Villager (Male) |
| 0:01 | Create | Villager (Male) |
| 0:01 | Create | Villager (Male) |
| 0:02 | Build | House |
| 0:03 | Build | House |
Build order — PaLikaRi
7 actions detected in the replay
| 0:02 | Create | Villager (Male) |
| 0:02 | Create | Villager (Male) |
| 0:04 | Build | House |
| 0:07 | Build | House |
| 0:13 | Create | Villager (Male) |
| 0:14 | Create | Villager (Male) |
| 0:14 | Create | Villager (Male) |
Match timeline
| 0:01 | SINNER1098 · resign |
[ AI ANALYSIS · 1 CREDIT ]
What really happened in this match?
Wolo.gg analyzes every decision: build order, eco, micro, common mistakes by bracket. Personalized analysis on WhatsApp or Discord in 30 seconds.
Civ guide
Goths
Perfil
Jugador #11463550